Map: [ESL] Site Delta

Players

Lambo - Winner!

  • Race: Zerg Zerg
  • League: Master
  • Spawn Location: 11:00

NAVISpirit (souL)

  • Race: Terran Terran
  • League: Master
  • Spawn Location: 5:00

VOD

Have the link to the VOD?

Description

Time

  • Played on: Dec. 28, 2023, 6:23 a.m.
  • Length: 21:59
Show
View Real Time Build Order
Export as new Build Order

Lambo Zerg - Winner!

Build Orders: Hatch First 

Get SALT Encoding   

  12  0:00  Drone  
  13  0:12  Overlord  
  13  0:17  Drone  
  14  0:31  Drone x2  
  16  0:47  Hatchery  
  15  0:51  Drone  
  15  0:54  Drone  
  17  0:57  Drone  
  18  1:08  Extractor  
  17  1:12  Spawning Pool  
  17  1:16  Drone  
  17  1:19  Drone  
  18  1:28  Drone  
  19  1:39  Drone  
  20  1:49  Drone  
  21  1:59  Queen x2  
  21  2:00  Zergling x4  
  27  2:08  Metabolic Boost  
  27  2:13  Drone  
  27  2:14  Overlord  
  28  2:31  Hatchery, Drone  
  28  2:32  Drone  
  28  2:35  Drone  
  30  2:38  Drone  
  30  2:43  Drone  
  32  2:44  Overlord  
  32  2:51  Queen  
  34  2:54  Drone  
  34  2:55  Drone  
  36  3:04  Zergling x4  
  38  3:09  Zergling x6  
  41  3:16  Evolution Chamber  
  40  3:26  Drone, Queen  
  44  3:34  Spore Crawler  
  43  3:43  Drone x7  
  43  3:47  Overlord  
  51  3:51  Overlord  
  51  3:54  Overlord  
  51  4:01  Overlord  
  51  4:05  Queen  
  53  4:10  Drone x4  
  53  4:12  Drone  
  53  4:15  Drone x3  
  53  4:16  Drone  
  62  4:18  Drone  
  62  4:22  Drone x3  
  66  4:26  Drone x2  
  66  4:28  Drone  
  69  4:32  Extractor  
  69  4:35  Drone  
  69  4:37  Drone  
  69  4:38  Lair  
  70  4:40  Drone  
  71  4:46  Spore Crawler, Queen  
  71  4:47  Drone x2  
  71  4:48  Drone  
  71  4:49  Drone  
  71  4:50  Spore Crawler  
  71  4:51  Zergling x4  
  77  4:56  Drone x3  
  80  5:03  Hatchery  
  80  5:06  Drone x3  
  82  5:09  Extractor  
  82  5:10  Baneling Nest  
  82  5:11  Drone, Extractor  
  82  5:14  Drone, Evolution Chamber  
  81  5:19  Overlord  
  81  5:22  Overlord  
  81  5:24  Overlord  
  81  5:25  Overlord  
  81  5:27  Overlord  
  81  5:28  Overlord  
  81  5:32  Overlord, Evolution Chamber  
  81  5:33  Evolution Chamber  
  79  5:37  Overlord  
  79  5:38  Drone  
  79  5:39  Drone x2  
  79  5:40  Drone x2, Extractor  
  83  5:44  Drone  
  83  5:46  Drone  
  83  5:47  Queen  
  87  5:50  Drone x3  
  87  5:55  Centrifugal Hooks  
  87  5:56  Drone x3  
  93  5:59  Zerg Ground Armor Level 1  
  93  6:05  Zerg Melee Weapons Level 1  
  93  6:06  Drone x2  
  93  6:09  Drone x3  
  93  6:10  Hydralisk Den, Drone  
  98  6:14  Drone x2  
  100  6:19  Zergling x10  
  100  6:20  Drone  
  106  6:29  Zergling x12  
  112  6:33  Baneling x5  
  112  6:34  Baneling  
  112  6:35  Baneling x3  
  112  6:36  Drone x3  
  115  6:41  Overlord  
  115  6:43  Zergling x6  
  115  6:46  Zergling x2  
  119  6:47  Hatchery  
  119  6:48  Muscular Augments  
  119  6:50  Zergling x10  
  119  6:53  Drone x3  
  119  6:54  Drone  
  127  6:55  Baneling x2  
  127  6:57  Extractor  
  127  6:59  Overseer  
  127  7:01  Zergling x12  
  132  7:11  Zergling x6  
  132  7:12  Baneling  
  132  7:15  Hydralisk x3  
  134  7:20  Drone, Hydralisk x3  
  146  7:28  Hydralisk x3  
  152  7:32  Overlord x4, Infestation Pit  
  152  7:34  Overlord x2  
  152  7:36  Overlord  
  150  7:40  Spore Crawler  
  147  7:48  Zergling x20  
  145  7:52  Zergling x2  
  139  8:00  Drone x3  
  139  8:03  Hydralisk x2  
  139  8:04  Hydralisk x5  
  155  8:13  Zergling x10  
  155  8:15  Hive  
  155  8:18  Zergling x12  
  166  8:21  Drone x2  
  166  8:23  Overseer  
  166  8:24  Pneumatized Carapace  
  168  8:30  Zergling x6  
  168  8:33  Zergling x12  
  174  8:37  Zergling x4  
  174  8:39  Baneling x4  
  169  8:43  Baneling x2  
  169  8:45  Drone x7, Zerg Melee Weapons Level 2, Zerg Ground Armor Level 2  
  169  8:47  Grooved Spines  
  176  8:53  Baneling x4  
  176  8:54  Drone x2  
  177  8:57  Spore Crawler  
  177  9:01  Overseer  
  177  9:02  Overseer  
  176  9:07  Zergling x26  
  189  9:10  Baneling  
  189  9:11  Baneling x2  
  189  9:14  Drone x3  
  192  9:17  Spore Crawler  
  187  9:24  Zergling x2  
  187  9:25  Hatchery, Zergling x16  
  185  9:32  Zergling x18  
  185  9:37  Adrenal Glands  
  189  9:45  Viper x2, Hydralisk  
  189  9:49  Baneling  
  189  9:50  Baneling x8  
  197  9:55  Extractor  
  196  10:04  Baneling  
  196  10:10  Baneling x5, Zergling x2  
  196  10:11  Zergling x4  
  196  10:12  Overlord  
  199  10:15  Baneling x5, Hatchery  
  199  10:16  Baneling  
  199  10:21  Zergling x24  
  197  10:32  Zergling x6  
  200  10:36  Overseer x2  
  199  10:56  Zergling x16  
  187  11:05  Zergling x28  
  187  11:07  Zergling x2  
  187  11:08  Zergling x8  
  199  11:14  Zergling x2  
  199  11:15  Zergling x4  
  182  11:28  Zergling x34  
  182  11:32  Zergling x10  
  188  11:37  Drone x4  
  185  11:42  Zergling x14  
  185  11:43  Zergling x2  
  191  11:48  Zerg Ground Armor Level 3, Zerg Missile Weapons Level 1  
  191  11:49  Baneling x14  
  191  11:50  Baneling x19, Zergling x18  
  200  11:58  Baneling x11  
  177  12:11  Zergling x24  
  174  12:31  Zergling x32  
  166  12:39  Zergling x34  
  176  12:45  Zergling x12  
  176  12:50  Baneling x10, Hydralisk x3  
  180  12:53  Baneling x11, Overlord  
  176  12:59  Zergling x6  
  176  13:02  Overlord x2  
  179  13:12  Baneling  
  179  13:14  Hatchery  
  179  13:18  Hatchery  
  177  13:20  Zergling x44  
  177  13:22  Baneling x9  
  199  13:36  Zergling x2  
  198  13:46  Zergling x2  
  198  13:47  Zergling x2  
  181  13:57  Zergling x40  
  190  14:05  Baneling  
  190  14:06  Baneling x5, Zergling x8  
  190  14:09  Hatchery  
  181  14:15  Zergling x2  
  181  14:16  Zergling x20  
  181  14:21  Baneling x3  
  176  14:24  Hydralisk  
  176  14:25  Hatchery  
  176  14:29  Hydralisk  
  176  14:30  Hydralisk  
  175  14:37  Hatchery  
  156  14:38  Hydralisk x3  
  149  14:49  Hydralisk x3  
  149  14:52  Hatchery  
  145  14:53  Hydralisk  
  145  14:58  Hydralisk  
  148  15:01  Hydralisk  
  150  15:10  Hydralisk x3  
  152  15:19  Hydralisk x2  
  148  15:23  Hydralisk  
  148  15:26  Drone x2, Hydralisk  
  149  15:33  Zergling x18  
  149  15:35  Baneling x17  
  158  15:42  Zergling x12  
  164  15:46  Zergling x6  
  164  15:49  Overseer  
  167  15:53  Drone  
  167  15:55  Zergling x6  
  162  16:06  Zergling x18  
  162  16:10  Viper  
  162  16:11  Viper x2  
  153  16:12  Zergling x10  
  153  16:17  Zergling x2  
  161  16:18  Overseer  
  161  16:20  Overseer  
  161  16:22  Baneling x6  
  161  16:23  Zerg Melee Weapons Level 3, Zerg Missile Weapons Level 2  
  161  16:25  Zergling x10  
  161  16:32  Zergling x4  
  164  16:41  Zergling x14  
  164  16:46  Zergling x2  
  164  16:47  Zergling x14  
  166  16:50  Zergling x4  
  166  16:53  Zergling x18  
  172  16:58  Zergling x10  
  172  16:59  Baneling x5  
  172  17:00  Baneling x16  
  177  17:06  Drone x2  
  179  17:08  Lurker Den  
  179  17:10  Infestor x3, Burrow  
  179  17:11  Infestor  
  179  17:13  Hatchery  
  179  17:14  Zergling x10  
  189  17:23  Zergling x6  
  192  17:32  Zergling x2  
  189  17:39  Zergling x20  
  179  17:48  Zergling x22  
  184  17:57  Zergling x6  
  160  18:11  Zergling x24  
  150  18:20  Hydralisk x5  
  150  18:24  Hydralisk  
  150  18:26  Baneling x14  
  157  18:32  Zergling x10  
  162  18:34  Seismic Spines  
  162  18:35  Neural Parasite  
  162  18:36  Infestor x2  
  166  18:42  Hydralisk x4  
  166  18:45  Baneling x2  
  166  18:47  Drone x2  
  166  18:48  Infestor, Drone  
  176  18:54  Extractor  
  179  18:57  Infestor  
  179  18:59  Zergling x14  
  186  19:03  Baneling x6  
  186  19:05  Infestor  
  183  19:11  Zergling x10  
  168  19:27  Zergling x30  
  168  19:28  Hatchery  
  168  19:30  Zergling x2  
  168  19:31  Zergling x2  
  161  19:36  Zergling x2  
  161  19:37  Zergling x14  
  161  19:40  Zergling x6  
  161  19:43  Zergling x6  
  161  19:44  Infestor  
  164  19:48  Zergling x10  
  159  19:54  Zergling x2  
  159  19:55  Zergling x4  
  159  19:58  Zergling x6  
  158  20:01  Hydralisk x2  
  157  20:08  Zergling x10  
  157  20:10  Baneling x2  
  145  20:23  Zergling x18  
  144  20:28  Hydralisk x2  
  143  20:41  Adaptive Talons  
  143  20:44  Lurker x5, Hydralisk x2  
  143  20:45  Hydralisk  
  154  20:52  Baneling x13  
  154  20:59  Zergling x10  
  154  21:00  Zergling x2  
  154  21:01  Drone  
  154  21:03  Infestor  
  163  21:07  Infestor  
  163  21:09  Infestor  
  165  21:22  Zergling x10  
  166  21:40  Zergling x6  
Show
View Real Time Build Order
Export as new Build Order

NAVISpirit Terran 

Build Orders: Liberator Opening, Reaper Expand 

Get SALT Encoding   

  12  0:00  SCV  
  13  0:12  SCV  
  14  0:17  Supply Depot  
  14  0:24  SCV  
  15  0:38  SCV  
  15  0:40  Barracks  
  16  0:44  Refinery  
  16  0:50  SCV  
  17  1:02  SCV  
  18  1:15  SCV  
  19  1:28  Orbital Command, Reaper  
  20  1:41  Command Center  
  20  1:50  Supply Depot  
  20  1:53  SCV  
  21  2:00  Reaper  
  22  2:05  SCV  
  23  2:17  SCV  
  24  2:27  Factory  
  24  2:34  SCV, Command Center  
  25  2:38  Refinery  
  25  2:42  Barracks Reactor  
  25  2:46  SCV  
  26  2:54  Orbital Command  
  26  2:58  SCV  
  27  3:10  SCV  
  28  3:12  Starport  
  27  3:23  SCV  
  27  3:25  SCV, Hellion x2  
  33  3:29  Barracks Tech Lab  
  33  3:35  SCV  
  33  3:37  SCV  
  34  3:47  Orbital Command, SCV, Hellion x2  
  38  3:49  SCV  
  38  3:54  Liberator  
  42  3:59  SCV  
  42  4:00  Stimpack  
  42  4:02  SCV  
  44  4:12  SCV, Hellion x2  
  44  4:14  SCV  
  50  4:18  SCV  
  50  4:24  Supply Depot, SCV  
  51  4:26  SCV  
  51  4:30  SCV  
  54  4:32  Marine  
  54  4:36  SCV  
  54  4:37  Starport Reactor  
  54  4:38  SCV  
  57  4:42  SCV  
  58  4:45  Factory Tech Lab  
  58  4:47  Barracks  
  58  4:48  SCV  
  58  4:49  Supply Depot  
  58  4:50  SCV, Marine  
  58  4:51  Barracks  
  61  4:54  SCV  
  62  5:00  Refinery, Engineering Bay x2  
  62  5:01  SCV, Refinery  
  62  5:05  Orbital Command, Siege Tank  
  66  5:07  SCV, Marine  
  68  5:22  Starport Reactor  
  68  5:23  SCV  
  68  5:25  SCV, Marine  
  68  5:27  Terran Infantry Weapons Level 1, Terran Infantry Armor Level 1  
  68  5:28  Barracks  
  71  5:30  Barracks  
  71  5:34  Marine  
  71  5:35  SCV  
  73  5:36  Marine  
  73  5:39  Supply Depot, Combat Shield  
  73  5:41  SCV  
  76  5:42  SCV  
  76  5:43  Marine  
  77  5:55  Supply Depot  
  77  6:00  SCV x3, Marine x4  
  77  6:01  Marine  
  85  6:07  Supply Depot  
  85  6:09  Supply Depot  
  85  6:15  Bunker, Barracks Reactor  
  85  6:16  Supply Depot  
  85  6:17  Siege Tank, SCV x2, Medivac, Barracks Reactor  
  85  6:18  Marine  
  93  6:29  SCV, Marine x4, Refinery, Medivac  
  93  6:30  SCV  
  101  6:34  Supply Depot  
  101  6:36  Marine  
  103  6:40  Supply Depot  
  103  6:41  SCV, Armory  
  103  6:45  SCV  
  103  6:47  Marine x3  
  105  6:48  Supply Depot  
  105  6:49  Supply Depot, SCV  
  110  6:55  Marine, Medivac  
  110  6:59  Medivac  
  110  7:00  SCV  
  114  7:03  Factory  
  114  7:04  Marine  
  114  7:06  SCV x2  
  117  7:09  Marine, Widow Mine x2  
  117  7:12  SCV, Command Center  
  117  7:14  Concussive Shells  
  125  7:15  Marauder  
  125  7:18  Marine  
  125  7:20  Marine  
  115  7:23  Marine x3, Marauder  
  115  7:26  Marine  
  115  7:28  SCV x2  
  123  7:30  Widow Mine  
  123  7:32  Terran Infantry Weapons Level 2  
  123  7:36  Marine x2, Widow Mine  
  129  7:41  Terran Infantry Armor Level 2  
  123  7:56  Marine, Widow Mine  
  123  7:57  Marine x6, Marauder  
  125  7:58  Factory Tech Lab  
  125  8:02  Supply Depot x2  
  125  8:11  Medivac x2  
  129  8:14  Marine  
  129  8:15  Marine x6  
  129  8:18  Marine, Drilling Claws  
  129  8:19  Siege Tank  
  140  8:21  SCV x2, Refinery  
  140  8:22  SCV  
  143  8:32  Marine x5  
  143  8:33  SCV x2  
  142  8:34  SCV  
  142  8:35  Marine  
  142  8:39  Marine x2  
  142  8:41  Medivac  
  143  8:45  SCV x2  
  143  8:47  Widow Mine  
  143  8:48  Widow Mine  
  151  8:50  SCV, Marine x2  
  151  8:51  Siege Tank  
  157  8:57  SCV x2  
  157  9:02  SCV  
  160  9:09  SCV, Widow Mine x2  
  167  9:10  Marine x2, Marauder  
  167  9:11  Sensor Tower  
  169  9:17  Planetary Fortress  
  169  9:21  Marine  
  169  9:22  Marauder  
  169  9:23  Siege Tank  
  175  9:26  Marine  
  175  9:27  Marine  
  175  9:30  Widow Mine  
  175  9:31  Marauder, Widow Mine  
  177  9:37  Command Center  
  168  9:45  SCV, Refinery  
  168  9:46  SCV x2, Sensor Tower  
  168  9:51  Medivac  
  168  9:52  Marine, Marauder, Widow Mine  
  178  9:56  Siege Tank  
  178  9:58  SCV, Medivac  
  184  10:05  Refinery  
  184  10:06  Ghost Academy, Barracks x3  
  184  10:08  SCV  
  184  10:13  SCV x2  
  187  10:14  Marine  
  187  10:18  Marauder  
  188  10:27  Terran Infantry Weapons Level 3  
  188  10:28  Terran Infantry Armor Level 3  
  188  10:35  Marauder  
  188  10:49  SCV x2, Marine, Widow Mine x2, Siege Tank, Medivac  
  196  10:57  Command Center  
  196  10:58  Barracks Tech Lab  
  192  11:08  Barracks Tech Lab  
  192  11:09  Barracks Tech Lab  
  192  11:10  Widow Mine  
  190  11:11  Widow Mine  
  190  11:17  Command Center  
  188  11:18  Command Center  
  188  11:21  Siege Tank  
  188  11:22  Marine, Marauder  
  183  11:26  Marine  
  183  11:27  Marine x3  
  183  11:28  Marine x4  
  176  11:40  Command Center  
  176  11:41  Sensor Tower  
  185  11:47  Ghost x5  
  185  11:48  Marine x2  
  185  11:50  Planetary Fortress  
  185  11:53  Siege Tank  
  188  11:57  Terran Vehicle Weapons Level 1  
  188  12:04  Marine x2  
  188  12:06  Widow Mine  
  188  12:07  Marine x4  
  186  12:14  Medivac x2  
  185  12:16  Marine, Ghost  
  188  12:31  Marine x2, Marauder  
  188  12:32  Marauder  
  188  12:33  Widow Mine  
  188  12:34  Marauder x2, Widow Mine  
  188  12:35  Marine  
  188  12:36  Marine  
  179  12:41  Marine x2  
  172  12:44  Ghost, Medivac x2  
  172  12:48  Marine x2  
  180  12:53  Marine, Marauder x2  
  180  12:54  Marine x2  
  180  12:55  Marine  
  180  12:57  SCV x2  
  180  12:58  Siege Tank, Marine, Command Center, Widow Mine x2  
  197  12:59  Marine  
  197  13:04  SCV  
  200  13:24  Missile Turret, Sensor Tower  
  200  13:26  Missile Turret  
  200  13:27  Refinery, Command Center  
  200  13:28  Planetary Fortress, Fusion Core, Refinery  
  200  13:31  Command Center  
  200  13:35  Command Center  
  176  14:05  Marine  
  176  14:07  Marauder  
  176  14:09  Marine x2, Ghost x3  
  172  14:10  Marauder  
  172  14:11  Marine  
  172  14:13  Marine  
  172  14:14  Marine  
  158  14:18  Medivac x2  
  158  14:23  Marine  
  139  14:27  Marine x2  
  139  14:29  Marine  
  139  14:31  Marine x2, Marauder  
  134  14:32  Marine  
  134  14:38  Marine x2, Marauder  
  128  14:41  Marine  
  128  14:44  SCV  
  128  14:45  Marine x2  
  122  14:46  Marine  
  122  14:48  Marine  
  122  14:49  Marine x2  
  122  14:51  Marine  
  122  14:54  Siege Tank, Widow Mine  
  122  14:55  Orbital Command, Marine x2  
  122  14:56  SCV  
  122  14:59  Marine x2  
  130  15:01  Supply Depot  
  130  15:03  Marine x2  
  130  15:04  Marine  
  130  15:05  Orbital Command  
  130  15:06  Marine  
  133  15:07  Marine x2  
  133  15:08  SCV  
  133  15:09  Marine  
  133  15:10  Orbital Command x2  
  138  15:16  Widow Mine  
  138  15:20  SCV x2  
  141  15:26  Orbital Command, Widow Mine  
  147  15:31  Barracks Tech Lab, Marauder x4  
  147  15:32  SCV x2, Marine  
  147  15:33  SCV  
  147  15:35  SCV  
  145  15:42  SCV  
  146  15:44  SCV, Marine  
  146  15:45  SCV x2  
  146  15:46  SCV  
  146  15:47  Marine  
  146  15:48  Factory Reactor  
  152  15:50  Refinery  
  152  15:51  SCV  
  152  15:53  Marauder x3  
  152  15:54  SCV  
  160  16:02  SCV x3  
  160  16:04  SCV, Marauder  
  153  16:11  Marine  
  153  16:12  Marauder  
  153  16:14  Marauder x2  
  160  16:20  Command Center  
  160  16:29  Marine  
  160  16:30  SCV x2  
  160  16:31  Marine  
  160  16:32  SCV x2  
  160  16:33  SCV  
  160  16:34  SCV  
  160  16:40  Marauder  
  160  16:41  Marine  
  160  16:42  Marauder  
  160  16:43  SCV, Marine, Marauder  
  160  16:44  Marauder  
  160  16:45  SCV x2  
  160  16:46  Marauder  
  159  16:48  Marine  
  159  16:52  Orbital Command  
  160  17:05  Supply Depot x2  
  160  17:06  Supply Depot  
  160  17:12  Advanced Ballistics  
  160  17:17  Supply Depot x2  
  160  17:22  Marine  
  160  17:23  Supply Depot  
  160  17:26  SCV x2, Marine, Medivac, Marauder, Siege Tank  
  160  17:27  Marine, Marauder x3  
  160  17:28  SCV, Marauder, Widow Mine x2  
  183  17:38  SCV  
  183  17:41  SCV, Marine  
  168  17:46  SCV  
  168  17:47  Ghost  
  168  17:48  Marauder x2  
  168  17:50  SCV  
  165  17:53  SCV  
  165  17:55  Marine x5, Marauder  
  152  17:58  Siege Tank  
  152  17:59  Marine x2  
  152  18:03  Orbital Command  
  152  18:04  SCV  
  155  18:06  Orbital Command  
  155  18:09  Marine  
  155  18:10  Medivac  
  159  18:13  Orbital Command, Marine  
  160  18:22  SCV, Marine  
  160  18:26  Ghost  
  160  18:28  SCV  
  163  18:40  Medivac  
  165  18:47  SCV  
  166  18:48  Engineering Bay  
  166  18:49  SCV  
  167  18:56  SCV, Marauder  
  167  18:57  SCV  
  167  19:01  Marine  
  171  19:06  SCV  
  172  19:10  Medivac  
  172  19:11  SCV  
  172  19:12  Starport  
  172  19:13  Planetary Fortress  
  175  19:18  Ghost  
  149  19:26  Marine  
  149  19:27  Marine x7  
  81  19:40  Medivac  
  81  19:44  Marine  
  81  19:45  Marine x7  
  83  19:46  Ghost  
  90  19:59  SCV  
  78  20:01  Marine  
  78  20:03  Marine x7  
  80  20:10  Medivac  
  80  20:11  SCV  
  83  20:16  Marauder  
  83  20:19  Marine  
  83  20:21  Marine x7  
  77  20:23  SCV  
  70  20:33  Medivac  
  71  20:37  Marine, Marauder  
  71  20:38  SCV, Marine  
  71  20:39  Marine x5  
  71  20:42  Widow Mine x2  
  83  20:46  Widow Mine  
  85  20:58  Marauder  
  87  21:06  Widow Mine  
  87  21:10  Marine  
  90  21:13  Marine  
  90  21:14  SCV  
  90  21:17  Missile Turret  
  90  21:18  Marine  
  92  21:20  Marauder  
  92  21:22  Marine  
  92  21:25  Barracks Tech Lab x4  
  90  21:26  SCV  
  90  21:28  Marine  
  88  21:34  SCV  
  88  21:38  SCV  
  89  21:40  SCV  
Tags
 
Add a new tag
Caveats
  • Supply blocks, unpowered buildings, or Contaminate may cause inaccurate times.
  • Supply counts are checked every 10 seconds.